AoeStats
← bluetiger74

Arena

510516584Analyzed
4v4 RM · 1d ago on Oct 1, 2026· 62m 50s· 8 players
Game mode
Random Map
Map size
Large (8 player)
Population
200
Speed
Normal
Resources
Standard
Victory
Conquest
Starting age
Dark Age
Ending age
Imperial Age
RankedLock teamsTeams togetherTeam positionsShared explorationLock speedFull tech treeHidden civsTurbo modeCheats
Victory
Defeat
🇹🇼 Italians · Taiwan
811
+15
🇹🇷 Turks · Türkiye
777
+16
🇪🇸 Celts · Spain
776
+16
🇹🇷 Bohemians · Türkiye
763
+17
🇨🇳 Vikings · China
820
-17
🇩🇪 Cumans · Germany
805
-17
🇨🇳 Shu · China
761
-15
🇨🇳 Goths · China
750
-15
bluetiger74
1:01 Loom
13:53 Feudal Age
15:34 Double-Bit Axe
15:36 Town Watch
15:39 Horse Collar
22:25 Castle Age
22:04 Stone Mining
22:24 Gold Mining
24:03 Thumb Ring
23:19 Crossbowman
26:20 Gold Shaft Mining
27:24 Husbandry
29:13 Bow Saw
31:15 Pikeman
42:49 Elite Skirmisher
44:40 Wheelbarrow
49:57 Imperial Age
50:46 Padded Archer Armor
50:37 Fletching
50:48 Scale Mail Armor
50:59 Forging
51:05 Town Patrol
51:36 Fortified Wall
51:09 Treadmill Crane
51:40 Masonry
51:42 Halberdier
53:49 Heavy Hei Guang Cavalry
56:00 Coiled Serpent Array
56:35 Arbalester
61:35 Hoardings
Highlander
0:52 Loom
11:16 Feudal Age
12:08 Double-Bit Axe
12:05 Horse Collar
18:55 Town Watch
19:22 Man-at-Arms
24:53 Castle Age
24:12 Forging
24:03 Scale Mail Armor
25:45 Wheelbarrow
24:54 Capped Ram
24:57 Long Swordsman
25:38 Squires
25:23 Arson
26:01 Chain Mail Armor
26:48 Iron Casting
25:43 Pikeman
26:57 Bloodlines
32:43 Steppe Husbandry
33:05 Gold Mining
37:55 Imperial Age
36:09 Scale Barding Armor
38:11 Chain Barding Armor
47:27 Plate Mail Armor
49:45 Halberdier
62:49 Heavy Plow
oncemore
1:19 Loom
11:14 Feudal Age
11:45 Double-Bit Axe
14:42 Wheelbarrow
14:15 Horse Collar
21:36 Castle Age
19:40 Gold Mining
19:40 Stone Mining
21:02 Scale Mail Armor
22:48 Forging
26:03 Pikeman
27:47 Squires
30:44 Heavy Plow
33:09 Stone Shaft Mining
32:54 Chain Mail Armor
33:14 Iron Casting
34:28 Hand Cart
33:59 Town Watch
33:49 Man-at-Arms
37:40 Anarchy
38:22 Padded Archer Armor
38:13 Fletching
38:41 Elite Skirmisher
41:28 Town Patrol
50:26 Leather Archer Armor
CASTER123
11:31 Feudal Age
15:43 Castle Age
14:03 Double-Bit Axe
14:03 Horse Collar
15:34 Gold Mining
18:01 Heavy Plow
18:40 Bow Saw
24:23 Gold Shaft Mining
23:39 Stone Mining
29:13 Imperial Age
27:42 Forging
27:32 Scale Mail Armor
29:10 Iron Casting
28:43 Arson
28:59 Squires
31:19 Crop Rotation
31:50 Two-Man Saw
31:29 Elite Varangian Guard
33:51 Blast Furnace
33:06 Chain Mail Armor
34:32 Chemistry
33:58 Man-at-Arms
35:00 Long Swordsman
36:28 Onager
39:02 Conscription
39:04 Siege Engineers
38:28 Two-Handed Swordsman
40:08 Champion
41:32 Plate Mail Armor
42:25 Pikeman
43:18 Bogsveigar
43:22 Chieftains
50:10 Fortified Wall
50:12 Masonry
Klarnetci sofi
11:55 Feudal Age
16:03 Castle Age
13:50 Horse Collar
13:58 Double-Bit Axe
15:21 Stone Mining
22:37 Wheelbarrow
22:54 Gold Mining
24:02 Hand Cart
24:11 Hand Cart
25:26 Gold Shaft Mining
25:12 Loom
26:56 Heavy Plow
31:19 Imperial Age
29:49 Bow Saw
31:49 Husbandry
31:45 Fletching
32:21 Ballistics
31:42 Treadmill Crane
32:08 Elite Janissary
33:44 Bloodlines
35:23 Artillery
35:50 Padded Archer Armor
38:28 Leather Archer Armor
43:20 Forging
43:16 Scale Barding Armor
45:35 Iron Casting
45:21 Chain Barding Armor
46:02 Ring Archer Armor
46:01 Scale Mail Armor
45:57 Bodkin Arrow
50:18 Plate Barding Armor
50:44 Blast Furnace
49:46 Bracer
53:44 Conscription
56:02 Chain Mail Armor
59:10 Two-Man Saw
Casy2210
7:36 Loom
10:26 Feudal Age
17:04 Castle Age
17:39 Town Watch
19:17 Double-Bit Axe
19:14 Horse Collar
23:29 Heavy Plow
23:45 Bow Saw
29:33 Imperial Age
27:53 Pikeman
33:01 Imperial Age
33:35 Forging
33:26 Scale Mail Armor
41:08 Imperial Age
45:37 Iron Casting
62:27 Scale Mail Armor
XOnurX
13:14 Feudal Age
18:32 Castle Age
16:21 Loom
17:51 Horse Collar
17:58 Double-Bit Axe
23:39 Masonry
24:30 Forging
24:22 Scale Mail Armor
25:26 Chemistry
29:53 Guard Tower
36:24 Elite Skirmisher
49:06 Fletching
55:11 Padded Archer Armor
不動游星
8:43 Feudal Age
14:44 Castle Age
12:38 Double-Bit Axe
12:59 Horse Collar
16:15 Bow Saw
27:59 Imperial Age
27:36 Wheelbarrow
27:27 Fletching
27:37 Padded Archer Armor
27:49 Gold Mining
28:11 Bodkin Arrow
28:28 Stone Mining
28:44 Heavy Plow
29:49 Two-Man Saw
28:23 Elite Skirmisher
30:02 Bracer
30:17 Leather Archer Armor
31:26 Chemistry
31:31 Hand Cart
31:24 Thumb Ring
36:40 Light Cavalry
37:21 Husbandry
41:02 Bloodlines
42:08 Conscription
43:58 Fortified Wall
50:55 Hussar
52:46 Pirotechnia
56:01 Ballistics
56:17 Ring Archer Armor
55:58 Forging
55:53 Scale Barding Armor
55:51 Scale Mail Armor
61:34 Silk Road
61:50 Hoardings
Connection lost

Rejoining the realm…

Still unreachable

The connection could not be restored.

Session expired

The server has moved on; the page needs a fresh start.